Map: Eternal Empire LE

Players

Antwinger - Winner!

  • Race: Terran Terran
  • League: Diamond
  • Spawn Location: 7:00

A.I. 1 (Very Easy)

  • Race: Protoss Protoss
  • Spawn Location: 1:00

VOD

Have the link to the VOD?

Description

Best for archon. Fast max supply with marine, marauder, siege tank, lib, rav, and viking

Time

  • Played on: May 1, 2020, 6:28 p.m.
  • Length: 15:02
Show
View Real Time Build Order
Export as new Build Order

Antwinger Terran - Winner!

Build Orders:  

Get SALT Encoding   

  12  0:02  SCV  
  13  0:19  SCV  
  14  0:21  Supply Depot  
  14  0:25  Refinery  
  14  0:32  SCV  
  15  0:44  Barracks  
  15  0:51  SCV  
  16  1:00  Supply Depot  
  16  1:03  SCV  
  17  1:15  SCV  
  18  1:31  Refinery  
  18  1:32  Marine  
  18  1:38  Factory  
  19  1:46  Orbital Command  
  19  1:52  Barracks Reactor  
  19  2:17  SCV  
  20  2:24  Factory Tech Lab  
  20  2:32  Command Center  
  20  2:35  Marine  
  21  2:39  Marine  
  21  2:43  SCV  
  23  2:52  Siege Tank  
  23  2:56  SCV  
  27  3:04  Supply Depot  
  27  3:06  Marine  
  27  3:09  Marine  
  29  3:15  SCV  
  30  3:27  Marine x2  
  30  3:29  Siege Tank  
  35  3:35  SCV  
  36  3:45  Starport  
  36  3:52  Engineering Bay  
  36  3:53  SCV  
  36  3:55  Marine  
  38  3:56  Marine  
  39  4:06  Siege Tank  
  42  4:14  Orbital Command  
  42  4:16  SCV  
  43  4:22  Marine  
  43  4:23  Marine  
  45  4:32  Viking  
  47  4:40  Marine x2  
  47  4:44  SCV  
  50  4:46  SCV  
  50  4:51  Siege Tank  
  54  5:05  Supply Depot, Factory  
  54  5:12  Supply Depot  
  54  5:26  Starport Reactor, Marine x2  
  54  5:27  SCV x2  
  58  5:38  Supply Depot  
  58  5:39  SCV x2  
  58  5:41  Siege Tank  
  63  5:46  Terran Infantry Weapons Level 1  
  63  5:48  Marine x2  
  65  5:51  SCV x2  
  67  6:00  Factory Tech Lab  
  67  6:08  Barracks  
  67  6:11  Marine x2  
  68  6:13  Liberator, Siege Tank  
  75  6:25  Refinery  
  75  6:26  Refinery  
  75  6:28  SCV x2  
  75  6:29  Marine x2  
  79  6:36  Siege Tank  
  79  6:39  Supply Depot  
  82  6:40  SCV x2  
  84  6:58  Command Center, Marine x2  
  86  7:02  Barracks Tech Lab  
  86  7:14  Siege Tank  
  89  7:22  Marine x2  
  92  7:29  Raven  
  93  7:38  Supply Depot  
  93  7:39  Marine  
  93  7:44  SCV x2, Marine  
  94  7:49  Supply Depot  
  97  7:52  Supply Depot  
  97  7:59  Stimpack  
  97  8:01  Marauder  
  97  8:02  Marine x2  
  97  8:05  Siege Tank  
  104  8:15  SCV  
  104  8:16  SCV  
  106  8:20  Marine x2  
  106  8:22  Command Center  
  108  8:27  SCV, Marauder  
  108  8:28  SCV  
  108  8:32  Liberator  
  115  8:37  Marine  
  115  8:38  Marine  
  117  8:49  Marauder  
  117  8:51  Supply Depot  
  119  8:55  Marine  
  119  8:56  Refinery  
  119  8:57  Marine  
  119  9:01  Siege Tank x2  
  127  9:06  Viking  
  129  9:10  Marauder  
  129  9:13  Marine  
  129  9:14  Marine  
  133  9:23  Liberator  
  136  9:31  Marine  
  137  9:39  Concussive Shells  
  137  9:42  Command Center  
  137  9:46  SCV x2  
  137  9:48  Armory  
  137  9:50  Siege Tank  
  142  9:54  Marauder, Marine x2  
  142  9:58  SCV x2  
  148  10:05  Supply Depot  
  148  10:12  Marine x2, Barracks  
  150  10:18  SCV x2  
  150  10:19  Refinery  
  150  10:21  Planetary Fortress  
  152  10:23  Barracks  
  152  10:25  Planetary Fortress  
  152  10:30  SCV x2  
  152  10:33  Marauder  
  152  10:34  Marine x2  
  158  10:36  Liberator x2  
  164  10:49  Siege Tank  
  167  10:51  SCV  
  167  10:52  Marine x2  
  167  10:55  Marauder  
  172  10:58  Barracks  
  172  11:01  Barracks, Siege Tank  
  175  11:14  Command Center  
  175  11:16  Command Center  
  175  11:18  Terran Infantry Armor Level 1  
  175  11:27  SCV x4  
  179  11:39  SCV x4  
  183  11:42  Barracks Reactor  
  183  11:44  Barracks Tech Lab  
  183  11:47  Refinery  
  183  11:54  Supply Depot  
  183  11:59  Barracks  
  183  12:00  Barracks Tech Lab  
  183  12:01  Barracks Reactor  
  183  12:07  Bunker  
  183  12:12  Marauder x2, Marine x2  
  189  12:21  Supply Depot  
  189  12:22  Orbital Command  
  189  12:30  Marine x2  
  191  12:38  Orbital Command  
  191  12:39  Orbital Command  
  191  12:43  Terran Vehicle Weapons Level 1  
  191  12:53  SCV x3  
  191  12:57  Marauder  
  198  12:58  Marauder  
  198  12:59  Marine x2  
  200  13:06  Refinery  
Show
View Real Time Build Order
Export as new Build Order

A.I. 1 (Very Easy) Protoss 

Build Orders: 1 Gate Expand, Nexus First 

Get SALT Encoding   

  12  0:00  Probe  
  13  0:13  Probe  
  14  0:19  Pylon  
  14  0:43  Gateway  
  14  1:02  Nexus  
  14  1:19  Pylon  
  14  1:21  Zealot  
  14  1:23  Assimilator  
  16  1:35  Cybernetics Core  
  16  1:38  Probe  
  17  1:50  Probe  
  18  2:00  Probe, Assimilator  
  18  2:07  Stalker  
  19  2:08  Probe  
  19  2:15  Warp Gate  
  22  2:17  Probe  
  23  2:23  Probe  
  24  2:31  Probe  
  25  2:38  Probe  
  26  2:54  Probe  
  27  3:02  Probe  
  27  3:04  Assimilator  
  28  3:08  Probe, Pylon  
  28  3:09  Robotics Facility  
  29  3:17  Probe  
  30  3:28  Probe  
  30  3:29  Zealot  
  33  3:35  Probe  
  34  3:43  Probe  
  35  3:50  Probe  
  36  3:57  Probe  
  36  3:58  Observer  
  36  4:01  Assimilator  
  38  4:03  Probe  
  39  4:11  Probe  
  39  4:13  Observer  
  39  4:14  Probe  
  42  4:26  Probe  
  43  4:32  Probe  
  44  4:40  Probe  
  44  4:43  Stalker  
  44  4:44  Pylon  
  47  4:47  Probe  
  48  4:54  Probe  
  49  5:01  Probe  
  50  10:55  Warp Prism  
  50  10:59  Sentry  
  50  11:00  Gateway  
  50  11:02  Robotics Bay  
  54  11:04  Stargate  
  54  11:06  Pylon  
  54  11:19  Warp Prism  
  56  11:38  Stalker  
  56  11:39  Gravitic Boosters  
  50  11:48  Observer  
  50  11:51  Nexus, Gateway  
  51  12:03  Stalker  
  53  12:17  Gravitic Drive  
  53  12:28  Zealot  
  55  13:14  Assimilator  
  55  13:17  Assimilator  
  55  13:49  Stalker  
  55  13:52  Probe  
  54  14:01  Probe, Pylon  
  50  14:04  Probe  
  50  14:14  Sentry  
  47  14:20  Probe  
  33  14:28  Probe  
  24  14:36  Probe  
  24  14:39  Sentry  
  24  14:45  Pylon  
  23  14:48  Probe  
Tags
 
Add a new tag
Caveats
  • Supply blocks, unpowered buildings, or Contaminate may cause inaccurate times.
  • Supply counts are checked every 10 seconds.